 Dungeon Crawl Stone Soup version 0.23.2-1-ga50397a (webtiles) character file.

Game seed: 8783959570003025629

40568 MalarOregon the Ripper (level 13, -1/69 HPs)
             Began as a Felid Berserker on May 22, 2019.
             Was the Champion of Trog.
             Slain by a wolf spider (23 damage)
             ... on level 1 of the Spider Nest.
             The game lasted 02:03:05 (40304 turns).

MalarOregon the Ripper (Felid Berserker)           Turns: 40304, Time: 02:03:06

Health: -1/69      AC: -3    Str: 18    XL:     13   Next: 75%
Magic:  22/22      EV: 30    Int: 10    God:    Trog [******]
Gold:   97         SH:  0    Dex: 16    Spells: 12/12 levels left
                                        Lives:  0   Deaths: 4

rFire    . . .     SeeInvis +     - Unarmed
rCold    + . .     Gourm    .   (shield unavailable)
rNeg     . . .     Faith    .   (armour unavailable)
rPois    .         Spirit   .   (helmet unavailable)
rElec    .         Reflect  .   (cloak unavailable)
rCorr    .         Harm     .   (gloves unavailable)
MR       +++..                  (boots unavailable)
Stlth    ++++++++..             (no amulet)
HPRegen  1.21/turn              J - ring "Gielir" {*Corrode +Inv AC+2 Stlth+}
MPRegen  0.18/turn              F - ring of stealth

@: lethally poisoned (-1 -> -9), corroded, berserk cooldown, regenerating,
slowed, slow
A: very small, no armour, no weapons or thrown items, stealth, claws 1, fangs 3,
see invisible, carnivore, speed 1, shaggy fur 3, slow metabolism 1, sharp paws
a: Berserk, Trog's Hand, Brothers in Arms, Renounce Religion, Evoke Invisibility


You were on level 1 of the Spider Nest.
You worshipped Trog.
Trog was exalted by your worship.
You were not hungry.

You visited 6 branches of the dungeon, and saw 22 of its levels.
You also visited: Bailey and Gauntlet.

You collected 2386 gold pieces.
You spent 2289 gold pieces at shops.

Inventory:

Jewellery
 h - an uncursed ring of poison resistance
   (You found it on level 1 of the Dungeon)
 i - an uncursed ring of protection from fire
   (You bought it in a shop on level 2 of the Orcish Mines)
 l - an uncursed ring of protection from magic
   (You found it on level 1 of the Lair of Beasts)
 o - an uncursed ring of protection from cold
   (You bought it in a shop on level 4 of the Dungeon)
 C - the ring "Wautwach" {Ice rPois MR+++ Int-4 Slay-4}
   (You found it in a Gauntlet)

   [ring of ice]

   It enhances your ice magic.
   It affects your intelligence (-4).
   It affects your accuracy and damage with ranged weapons and melee attacks
   (-4).
   It makes you vulnerable to fire.
   It protects you from cold.
   It protects you from poison.
   It affects your resistance to hostile enchantments.
 F - a ring of stealth (right paw)
   (You found it on level 4 of the Lair of Beasts)
 J - the ring "Gielir" (left paw) {*Corrode +Inv AC+2 Stlth+}
   (You acquired it on level 1 of the Lair of Beasts)

   [ring of protection]

   It affects your AC (+2).
   It lets you turn invisible.
   It may corrode you when you take damage.
   It makes you more stealthy.
 M - an uncursed ring of positive energy
   (You found it on level 4 of the Lair of Beasts)
 Q - a +5 ring of protection
   (You bought it in a shop on level 2 of the Orcish Mines)
Wands
 c - a wand of disintegration (10)
   (You found it on level 9 of the Dungeon)
 d - a wand of iceblast (33)
   (You bought it in a shop on level 4 of the Dungeon)
 u - a wand of paralysis (4)
   (You found it on level 7 of the Dungeon)
 v - a wand of digging (3)
   (You found it on level 4 of the Dungeon)
 x - a wand of acid (34)
   (You found it on level 8 of the Dungeon)
 O - a wand of polymorph (15)
   (You found it on level 4 of the Lair of Beasts)
Scrolls
 g - a scroll of fear
 j - 6 scrolls of blinking
 m - 5 scrolls of fog
 p - 12 scrolls of teleportation {@r4}
 w - a scroll of acquirement
 B - 2 scrolls of summoning
 E - a scroll of immolation {!r}
 I - 2 scrolls of holy word
 N - a scroll of identify {@r1}
 P - 11 scrolls of remove curse {@r2}
Potions
 a - 4 potions of curing {@q1}
 b - a potion of berserk rage
 f - a potion of might
 k - 3 potions of lignification {!q}
 n - 2 potions of agility
 q - a potion of resistance
 r - 5 potions of mutation {!q}
 t - 5 potions of flight
 y - 2 potions of cancellation
 z - 2 potions of haste {@q3}
 G - a potion of heal wounds {@q2}
 K - 2 potions of ambrosia
 L - a potion of invisibility
Miscellaneous
 A - 2 sacks of spiders
 H - 2 phantom mirrors
Comestibles
 e - 46 rations {!d}


   Skills:
 * Level 15.2 Fighting
 + Level 14.4 Dodging
 + Level 15.0 Stealth
 * Level 15.2 Unarmed Combat
 + Level 11.3 Evocations


You had 12 spell levels left.
You didn't know any spells.
Your spell library contained the following spells:

 Spells                   Type           Power        Failure   Level  Hunger
 Blink                    Tloc           N/A          50%         2    ###....
 Shroud of Golubria       Chrm/Tloc      #.........   50%         2    ###....
 Gell's Gravitas          Tloc           #.........   75%         3    ####...
 Lesser Beckoning         Tloc           #.........   75%         3    ####...
 Teleport Other           Tloc           #.......     75%         3    ####...
 Passage of Golubria      Tloc           N/A          98%         4    #####..


Dungeon Overview and Level Annotations

Branches:
Dungeon (11/15)            Temple (1/1) D:6            Lair (6/6) D:8
  Swamp (0/4) Lair:2       Spider (1/4) Lair:2        Slime (0/5) Lair:5
    Orc (2/2) D:11            Elf (1/3) Orc:2

Altars:
Ashenzari
Cheibriados
Dithmenos
Elyvilon
Fedhas
Gozag
Hepliaklqana
Kikubaaqudgha
Makhleb
Nemelex Xobeh
Okawaru
Qazlal
Ru
Sif Muna
Trog
Uskayaw
Vehumet
Wu Jian
Xom
Yredelemnul
Zin
The Shining One
Jiyva

Shops:
D:4 ?(!=*   D:11 [(   Orc:2 }*=}   Elf:1 [

Annotations:
D:2 1 runed translucent door, Crazy Yiuf
D:8 Aske's ghost, novice MiGl
D:11 2 transporters, bmj180's ghost, journeyman MiFi
Lair:4 3 runed translucent doors, Ebba Roc's ghost, journeyman GrEn


Innate Abilities, Weirdness & Mutations

You cannot wear armour.
You are incapable of wielding weapons or throwing items.
Your paws allow you to move quietly. (Stealth)
You have sharp claws.
You have razor-sharp teeth.
You have supernaturally acute eyesight. (SInv)
You are carnivorous and can eat meat at any time.
You cover ground quickly.
Your thick and shaggy fur keeps you warm. (AC +3, rC+)
You have a slow metabolism.
Your sharp claws are effective at attacking unaware monsters.


Message History

The orb spider hisses angrily.
You claw the demonic crawler!
You kill the demonic crawler!
Trog accepts your kill.
A wolf spider comes into view.
The orb spider begins to weave its threads into a brightly glowing ball.
The wolf spider moves out of view.
You miss the tarantella. The tarantella completely misses you.
The orb spider pulsates with a strange energy.
You miss the tarantella.
The wolf spider hisses angrily.
Your claw misses the tarantella. The tarantella bites you!
Your corrosive artefact corrodes you!
The orb spider weaves a glowing orb of energy.
The tarantella bites you!
You are confused.
An orb of destruction comes into view.
You're too confused!
The orb of destruction hits the tarantella!!!
The tarantella is blown up!
You bump into the rock wall.
An entropy weaver comes into view.
The entropy weaver mumbles some strange words.
The entropic weave corrodes you!
You're too confused!
You feel less confused. The wolf spider hits you!
* * * LOW HITPOINT WARNING * * *
The wolf spider completely misses you.
The scorpion is caught in a web!
The wolf spider closely misses you. The wolf spider bites you.
* * * LOW HITPOINT WARNING * * *
You are poisoned.
The wolf spider poisons you!
The scorpion struggles to get unstuck from the web.
You feel better.
The wolf spider completely misses you. x2
The entropy weaver mumbles some strange words.
The entropic weave corrodes you!
The scorpion struggles to get unstuck from the web.
The wolf spider completely misses you. The wolf spider bites you.
* * * LOW HITPOINT WARNING * * *
You are lethally poisoned!
The wolf spider poisons you!
Okay, then.
Your skin crawls.
You feel resistant to hostile enchantments.
You feel somewhat more hungry.
You feel very sick.
The wolf spider completely misses you. x2
The scorpion pulls away from the web.
The wolf spider hits you!!
You die...

#.... ..##..#.##.##.[...
.....#####.^##..###...##....
##..^..#.^.. #.^# #....##.#.
............##..# ##....###.
......^^..# #...####..†.#...
#.^..#s.###......#.^..##.†
#..as..^..........#...#..
##^..s.......%...##..##..
###..^..s@.^..#####...####
#..^.........## ##......
####.....######## #^.....
#####........# ##..#..
.^#.^.......## ######
.#s...†.#.### ##.†..#####
######


You could see an entropy weaver, a wolf spider, 2 orb spiders and a scorpion.

Vanquished Creatures
  Nikola (Elf:1)
  Azrael (Elf:1)
  A minotaur (Gauntlet)
  An ettin (D:11)
  A fire dragon (Spider:1)
  A death ooze (Gauntlet)
  Harold (D:10)
  Erica (D:11)
  5 hydras
  A catoblepas (Gauntlet)
  An anaconda (Orc:2)
  2 centaur warriors (Orc:2)
  A queen ant (Lair:3)
  3 two-headed ogres
  3 dancing weapons (Elf:1)
  A tengu warrior (D:10)
  Urug (Lair:4)
  8 deep elf knights (Elf:1)
  An unseen horror (D:10)
  10 deep elf archers (Elf:1)
  6 orc knights
  An orb spider (Spider:1)
  A cyclops (Orc:1)
  An ugly thing (D:11)
  3 wolf spiders (Spider:1)
  24 deep elf magi (Elf:1)
  20 spiny frogs
  A rime drake (Lair:5)
  3 gargoyles
  3 black mambas
  9 demonic crawlers (Spider:1)
  7 komodo dragons
  A kobold demonologist (D:10)
  A queen bee (Gauntlet)
  4 trolls
  5 jumping spiders (Spider:1)
  2 hornets
  4 tyrant leeches
  6 hippogriffs
  Prince Ribbit (D:9)
  28 blink frogs
  4 polar bears
  A slime creature (Gauntlet)
  An air elemental (Elf:1)
  A centaur simulacrum (D:11)
  10 redbacks
  35 yaks
  A basilisk (Lair:4)
  3 tarantellas (Spider:1)
  2 wyverns
  A water elemental (Elf:1)
  3 fire elementals (Elf:1)
  2 hungry ghosts
  7 vampire mosquitoes
  8 soldier ants
  4 wargs
  9 water moccasins
  A hell hound (Elf:1)
  4 porcupines
  39 orc warriors
  2 sky beasts (D:10)
  3 phantoms
  A black bear (D:8)
  4 ice beasts
  11 ogres
  8 wolves
  13 centaurs
  10 crocodiles
  A big kobold (D:10)
  A wyvern zombie (D:7)
  25 bullfrogs
  An earth elemental (Elf:1)
  A wyvern skeleton (D:10)
  5 killer bees
  A howler monkey (D:5)
  8 wights
  An electric eel (Lair:6)
  10 crimson imps
  A bullfrog zombie (D:7)
  3 centaur zombies
  6 jellies
  4 centaur skeletons
  6 hounds
  16 orc priests
  2 bullfrog skeletons
  23 orc wizards
  Terence (D:2)
  5 hell rats (Lair:6)
  Natasha (thrice) (D:2)
  6 iguanas
  28 worker ants
  A hound zombie (D:8)
  2 hound skeletons
  Robin (D:2)
  A worker ant zombie (D:5)
  3 gnolls
  16 adders
  A shadow imp (D:11)
  A white imp (D:9)
  An adder zombie (D:5)
  3 adder skeletons
  2 worms (D:2)
  8 dart slugs
  8 leopard geckos
  101 orcs
  5 giant cockroaches
  22 goblins
  8 hobgoblins
  7 jackals
  6 quokkas
  2 ball pythons (D:4)
  12 bats
  8 frilled lizards
  6 kobolds
  A leopard gecko skeleton (D:6)
  A leopard gecko zombie (D:6)
  2 quokka skeletons
  13 rats
  A plant (Lair:5)
765 creatures vanquished.

Vanquished Creatures (collateral kills)
  A deep elf high priest (Elf:1)
  2 hydras (D:10)
  9 death yaks (Lair:2)
  3 orc knights (Bailey)
  2 deep elf magi (Elf:1)
  An ogre (D:11)
  5 orc warriors
  A centaur (Orc:2)
  4 orcs
28 creatures vanquished.

Vanquished Creatures (others)
  A tarantella (Spider:1)
  3 orc priests
  An orc (Orc:2)
  A bush (Lair:6)
  19 fungi
  37 plants
62 creatures vanquished.

Grand Total: 855 creatures vanquished

Notes
Turn   | Place    | Note
-------+----------+-------------------------------------------
     0 | D:1      | MalarOregon the Felid Berserker began the quest for the
                  | Orb.
     0 | D:1      | Reached XP level 1. HP: 10/10 MP: 2/2
   173 | D:1      | Reached XP level 2. HP: 13/14 MP: 3/3
   282 | D:1      | Reached skill level 1 in Stealth
   654 | D:1      | Reached XP level 3. HP: 14/17 MP: 4/4
   725 | D:1      | Reached ** piety under Trog
  1380 | D:2      | Noticed Natasha
  1792 | D:2      | Noticed Terence
  1807 | D:2      | Killed Terence
  1807 | D:2      | Reached XP level 4. HP: 22/22 MP: 5/5
  1921 | D:2      | Noticed Robin
  1976 | D:2      | Found a sacrificial altar of Ru.
  1983 | D:2      | Found a glowing golden altar of the Shining One.
  2368 | D:2      | Killed Natasha
  2456 | D:2      | Reached XP level 5. HP: 25/25 MP: 6/6
  2629 | D:2      | Reached skill level 5 in Dodging
  3205 | D:2      | Noticed Natasha
  3526 | D:2      | Killed Natasha
  3591 | D:2      | Noticed Natasha
  3743 | D:2      | Killed Natasha
  3867 | D:2      | Killed Robin
  3908 | D:2      | Found a runed translucent door.
  3909 | D:2      | Noticed Crazy Yiuf
  4122 | D:3      | Reached *** piety under Trog
  4345 | D:3      | Gained mutation: You are covered in thick fur. (AC +2)
                  | [Felid growth]
  4345 | D:3      | Reached XP level 6. HP: 29/29 MP: 7/7
  4595 | D:3      | Found a hide-covered altar of Uskayaw.
  5038 | D:4      | Noticed a troll
  5073 | D:4      | Killed a troll
  5073 | D:4      | Reached skill level 5 in Fighting
  5073 | D:4      | Reached skill level 5 in Unarmed Combat
  5073 | D:4      | Reached XP level 7. HP: 6/33 MP: 8/8
  5421 | D:4      | Found Majopit's Assorted Antiques.
  5435 | D:4      | Bought a marble ring for 125 gold pieces
  5435 | D:4      | Bought a scroll labeled XOLA ZIEFREFED for 25 gold pieces
  5446 | D:4      | Found Myossyar's Jewellery Shop.
  5760 | D:4      | Found Difydyos's Distillery.
  5857 | D:4      | Found Sipauqonn's Weapon Emporium.
  5997 | D:5      | Entered Level 5 of the Dungeon
  6260 | D:4      | Reached **** piety under Trog
  6301 | D:4      | Reached skill level 5 in Stealth
  6441 | D:4      | Found Legazxep's Magic Scroll Emporium.
  6591 | D:4      | Reached XP level 8. HP: 36/38 MP: 9/9
  6838 | D:4      | Bought a brass wand for 100 gold pieces
  7646 | D:5      | Reached skill level 1 in Evocations
  8653 | D:6      | Found a deep blue altar of Sif Muna.
  8888 | D:6      | Reached XP level 9. HP: 41/43 MP: 10/12
  8964 | D:6      | Found a staircase to the Ecumenical Temple.
  9524 | D:6      | Found a deep blue altar of Sif Muna.
  9944 | D:7      | Reached ***** piety under Trog
 10021 | D:7      | Slain by a wyvern zombie
 10022 | D:7      | Reached XP level 8. HP: -2/40 MP: 11/11
 10267 | Temple   | Entered the Ecumenical Temple
 10529 | D:7      | Found a white marble altar of Elyvilon.
 10921 | D:8      | Reached XP level 9. HP: 45/45 MP: 11/13
 11187 | D:8      | Found a staircase to the Lair.
 11942 | D:8      | Found a transporter.
 12024 | D:8      | Found a transporter.
 12029 | D:8      | Noticed Aske's ghost (novice MiGl)
 12857 | D:8      | Slain by Aske's ghost
 12858 | D:8      | Reached XP level 8. HP: -2/63 MP: 12/12
 13378 | D:9      | Reached XP level 9. HP: 45/45 MP: 13/13
 13938 | D:9      | Noticed Prince Ribbit
 13945 | D:9      | Killed Prince Ribbit
 14218 | D:10     | Entered Level 10 of the Dungeon
 14263 | D:10     | Found a flagged portal.
 14274 | D:10     | Reached skill level 5 in Evocations
 14348 | Bailey   | Entered a bailey
 14353 | Bailey   | Noticed an orc knight
 14360 | Bailey   | Killed an orc knight
 14379 | Bailey   | Noticed an orc knight
 14381 | Bailey   | Noticed an orc knight
 14383 | Bailey   | Killed an orc knight
 14389 | Bailey   | Killed an orc knight
 15361 | D:10     | Reached XP level 10. HP: 31/50 MP: 15/15
 15622 | D:10     | Noticed a two-headed ogre
 15631 | D:10     | Killed a two-headed ogre
 15739 | D:10     | Noticed an orc knight
 15753 | D:10     | Noticed a two-headed ogre
 15756 | D:10     | Noticed a five-headed hydra
 15757 | D:10     | Killed an orc knight
 15757 | D:10     | Reached skill level 10 in Unarmed Combat
 15758 | D:10     | Noticed a seven-headed hydra
 15761 | D:10     | Killed a two-headed ogre
 15761 | D:10     | Reached skill level 10 in Fighting
 15999 | D:10     | You fall through a shaft!
 16024 | D:11     | Noticed Erica
 16043 | D:11     | Noticed a storm dragon
 16045 | D:11     | Found a transporter.
 16109 | D:11     | Killed Erica
 16109 | D:11     | Reached skill level 10 in Dodging
 16323 | D:11     | Found Nostreqo's Armour Shop.
 16325 | D:11     | Found a staircase to the Orcish Mines.
 16327 | D:11     | Found Siediec's Weapon Shop.
 16342 | D:11     | Identified the +4 leather armour "Quxziut" {MR+ Int+3}
 16385 | D:11     | Reached XP level 11. HP: 38/55 MP: 16/16
 16588 | D:11     | Reached skill level 10 in Stealth
 16627 | D:10     | Noticed a tengu warrior
 16637 | D:10     | Killed a tengu warrior
 16662 | D:10     | Identified the +5 short sword "Xeptoin" {freeze, *Slow +Fly
                  | Str+6 Int+3}
 16934 | D:10     | Noticed an unseen horror
 16942 | D:10     | Killed an unseen horror
 16990 | D:10     | Noticed Harold
 17003 | D:10     | Killed Harold
 17631 | D:10     | Killed a seven-headed hydra
 17662 | D:10     | Killed a five-headed hydra
 17993 | D:11     | Noticed a white ugly thing
 18072 | Lair:1   | Entered Level 1 of the Lair of Beasts
 19257 | Lair:1   | Identified a scroll of acquirement
 19258 | Lair:1   | Got a coiled marble ring
 19263 | Lair:1   | Identified the ring "Gielir" {*Corrode +Inv AC+2 Stlth+}
                  | (You acquired it on level 1 of the Lair of Beasts)
 19295 | Lair:1   | Gained mutation: Your thick and shaggy fur keeps you warm.
                  | (AC +3, rC+) [Felid growth]
 19295 | Lair:1   | Reached XP level 12. HP: 50/60 MP: 18/18
 20672 | Lair:2   | Found a staircase to the Swamp.
 20776 | Lair:2   | Found a hole to the Spider Nest.
 20949 | Lair:2   | Noticed a death yak
 20952 | Lair:2   | Noticed a death yak
 20954 | Lair:2   | Noticed a death yak
 21050 | Lair:2   | Noticed a death yak
 21094 | Lair:2   | Noticed a death yak
 21096 | Lair:2   | Noticed a death yak
 21333 | Lair:2   | Noticed a death yak
 21378 | Lair:2   | Noticed a death yak
 21391 | Lair:3   | Found the +8 Wrath of Trog {antimagic, *Rage}
 22081 | Lair:3   | Noticed a queen ant
 22201 | Lair:3   | Killed a queen ant
 22532 | Lair:2   | Noticed a death yak
 24148 | Lair:4   | Found a runed translucent gate.
 24148 | Lair:4   | Found a runed translucent gate.
 24148 | Lair:4   | Found a runed translucent gate.
 24148 | Lair:4   | Noticed Ebba Roc's ghost (journeyman GrEn)
 24283 | Lair:4   | Noticed Urug
 24501 | Lair:4   | Killed Urug
 24501 | Lair:4   | Reached XP level 13. HP: 65/65 MP: 20/20
 24813 | Lair:5   | Found a viscous altar of Jiyva.
 24813 | Lair:5   | Found a staircase to the Slime Pits.
 26001 | Lair:6   | Entered Level 6 of the Lair of Beasts
 26032 | Lair:6   | Reached ****** piety under Trog
 30319 | Lair:2   | Reached XP level 14. HP: 70/70 MP: 22/22
 30505 | Lair:2   | Found a hole to the Spider Nest.
 30617 | Lair:2   | Found a staircase to the Swamp.
 31195 | D:4      | Bought a potion of brilliance for 52 gold pieces
 31195 | D:4      | Bought a potion of curing for 39 gold pieces
 31195 | D:4      | Bought a potion of might for 52 gold pieces
 31195 | D:4      | Bought a potion of mutation for 104 gold pieces
 31195 | D:4      | Bought a potion of heal wounds for 65 gold pieces
 31195 | D:4      | Bought a potion of agility for 52 gold pieces
 31195 | D:4      | Bought a potion of ambrosia for 104 gold pieces
 31195 | D:4      | Bought a potion of haste for 130 gold pieces
 31195 | D:4      | Bought a potion of flight for 39 gold pieces
 31232 | D:4      | Bought a scratched opal ring for 125 gold pieces
 31232 | D:4      | Bought a scroll of identify for 50 gold pieces
 31232 | D:4      | Bought a scroll of blinking for 187 gold pieces
 31232 | D:4      | Bought a scroll of identify for 50 gold pieces
 31232 | D:4      | Bought a potion of curing for 75 gold pieces
 31584 | D:11     | Found a transporter.
 31606 | D:11     | Noticed bmj180's ghost (journeyman MiFi)
 31963 | Orc:1    | Entered Level 1 of the Orcish Mines
 32382 | Orc:2    | Entered Level 2 of the Orcish Mines
 32515 | Orc:2    | Reached skill level 10 in Evocations
 32706 | Orc:2    | Found a gate leading to a gauntlet.
 32716 | Gauntlet | Entered a Gauntlet
 32716 | Gauntlet | Found a transporter.
 32716 | Gauntlet | Found a transporter.
 32716 | Gauntlet | Found a transporter.
 32741 | Gauntlet | Found a transporter.
 32744 | Gauntlet | Found a transporter.
 32753 | Gauntlet | Found a transporter.
 32755 | Gauntlet | Found a transporter.
 32772 | Gauntlet | Found a transporter.
 32780 | Gauntlet | Identified the +3 broad axe "Roschops" {flame, rElec rF+}
 32780 | Gauntlet | Identified the +3 ice dragon scales of the Desolation of
                  | Salt {*Contam rElec rF- rC++ Dex+7}
 32781 | Gauntlet | Found a transporter.
 32798 | Gauntlet | Found a transporter.
 32801 | Gauntlet | Found a transporter.
 32811 | Gauntlet | Found a transporter.
 33282 | Gauntlet | Got a flickering golden ring
 33508 | Orc:2    | Identified the ring "Wautwach" {Ice rPois MR+++ Int-4
                  | Slay-4} (You found it in a Gauntlet)
 33904 | Orc:2    | Found a staircase to the Elven Halls.
 35736 | Orc:2    | Found Osagok's Jewellery Shoppe.
 35736 | Orc:2    | Found Xaenwiniesh's Assorted Antiques.
 35738 | Orc:2    | Found Ritwox's Gadget Boutique.
 35740 | Orc:2    | Found Vinoamei's Gadget Emporium.
 35748 | Orc:2    | Bought an uncursed ring of protection from fire for 375
                  | gold pieces
 35757 | Orc:2    | Bought a scroll of identify for 54 gold pieces
 35757 | Orc:2    | Bought a bronze ring for 135 gold pieces
 35757 | Orc:2    | Bought a scroll of identify for 54 gold pieces
 35757 | Orc:2    | Bought a scroll of teleportation for 81 gold pieces
 35757 | Orc:2    | Bought a wand of acid (9) for 216 gold pieces
 35867 | Elf:1    | Entered Level 1 of the Elven Halls
 36057 | Elf:1    | Found a radiant altar of Vehumet.
 36951 | Elf:1    | Noticed Azrael
 36969 | Elf:1    | Killed Azrael
 37002 | Elf:1    | Reached XP level 15. HP: 46/76 MP: 24/24
 37418 | Elf:1    | Noticed Nikola
 37433 | Elf:1    | Killed Nikola
 37736 | Elf:1    | Found Qugolegu's Armour Boutique.
 38002 | Elf:1    | Reached skill level 15 in Unarmed Combat
 38232 | Elf:1    | Reached skill level 15 in Fighting
 38572 | Spider:1 | Entered Level 1 of the Spider Nest
 38961 | Spider:1 | Mangled by a redback
 38962 | Spider:1 | Reached XP level 14. HP: -7/73 MP: 23/23
 39156 | Spider:1 | an entropy weaver changed into a fire dragon
 40057 | Spider:1 | Reached skill level 15 in Stealth
 40076 | Spider:1 | HP: 1/109 [jumping spider (6)]
 40082 | Spider:1 | Blown up by an orb spider
 40083 | Spider:1 | Reached XP level 13. HP: -28/69 MP: 22/22
 40301 | Spider:1 | Noticed an entropy weaver
 40304 | Spider:1 | Slain by a wolf spider

Skill      XL: |  1  2  3  4  5  6  7  8  9 10 11 12 13 14 15 |
---------------+----------------------------------------------+-----
Stealth        | 1 2 3 4 5 6 9 11 12 13 15 | 15.0
Fighting       | 4 5 6 9 8 10 11 12 13 14 15 | 15.2
Unarmed Combat | 4 5 6 9 10 11 12 13 14 15 | 15.2
Dodging        | 5 6 7 9 10 11 12 13 14 | 14.4
Evocations     | 4 5 6 7 8 9 10 11 | 11.3

Action                   |  1- 3 |  4- 6 |  7- 9 | 10-12 | 13-15 || total
-------------------------+-------+-------+-------+-------+-------++-------
Melee: Unarmed           |   100 |   160 |   513 |   497 |   982 ||  2252
       Bite              |    10 |    18 |    53 |    48 |   129 ||   258
       Punch             |     1 |     2 |    16 |    32 |    73 ||   124
Invok: Berserk           |     2 |     9 |    33 |    16 |    48 ||   108
       Trog's Hand       |       |     1 |     8 |     7 |    13 ||    29
       Brothers in Arms  |       |       |     2 |     2 |     4 ||     8
 Abil: Evoke Invisibilit |       |       |       |    17 |     7 ||    24
Evoke: Wand              |       |       |     9 |    13 |    24 ||    46
       Sack of spiders   |       |       |       |     1 |       ||     1
  Use: Scroll            |       |    10 |     9 |     6 |     9 ||    34
       Potion            |       |     2 |       |     3 |    20 ||    25
 Stab: Sleeping          |    12 |    10 |    35 |    31 |    25 ||   113
       Distracted        |     1 |       |     1 |     4 |    12 ||    18
       Paralysed         |       |       |     3 |     3 |     1 ||     7
       Invisible         |       |       |       |    22 |    20 ||    42
  Eat: Chunk             |    10 |    15 |    65 |    43 |    87 ||   220
Armor: Skin              |     7 |    12 |    27 |     7 |   113 ||   166
Dodge: Dodged            |    82 |   120 |   401 |   363 |   993 ||  1959
